 Dungeon Crawl Stone Soup version 0.23.2-30-g0e89c35649 (webtiles) character file.

Game seed: 10871958859240045882

83645 troglodite the Martial Artist (level 15, 0/92 HPs)
             Began as a Gnoll Transmuter on June 11, 2019.
             Was the Champion of Hepliaklqana.
             Slain by a shambling mangrove (7 damage)
             ... on level 2 of the Swamp on June 12, 2019.
             The game lasted 01:57:14 (30205 turns).

troglodite the Martial Artist (Gnoll Transmuter)   Turns: 30205, Time: 01:57:14

Health: 0/92       AC: 10    Str: 12    XL:     15   Next: 77%
Magic:  30/30      EV: 14    Int: 14    God:    Hepliaklqana [******]
Gold:   784        SH: 32    Dex: 20    Spells: 21/36 levels left

rFire    + + .     SeeInvis .   N - +5 spear (vamp)
rCold    . . .     Gourm    .   B - +10 large shield of Ignorance {rN+ Int-4}
rNeg     + + +     Faith    .   E - +0 leather armour {rC+}
rPois    .         Spirit   .   p - +0 helmet
rElec    +         Reflect  +   z - +1 cloak of Indomitability {rF+ rCorr Str-2}
rCorr    +         Harm     .   b - +1 pair of gloves
MR       ++...     Rnd*Rage +   (no boots)
Stlth    ++++......             R - amulet of Jealousy {Reflect rN++ MR+ Dex-3 SH+6}
HPRegen  0.25/turn              M - ring "Tarphey" {Fire rElec Dex+5}
MPRegen  0.22/turn              j - ring of wizardry (curse)

@: grasped by roots, constricted
A: distributed training, reduced essence, fangs 1, berserk 1, frail 1, strong
nose
a: Recall Ancestor, Ancestor Identity, Transference, Idealise, Renounce Religion


You were on level 2 of the Swamp.
You worshipped Hepliaklqana.
Hepliaklqana was exalted by your worship.
You were not hungry.

You visited 4 branches of the dungeon, and saw 21 of its levels.
You also visited: Ossuary and Gauntlet.

You collected 2428 gold pieces.
You spent 1644 gold pieces at shops.

Inventory:

Hand Weapons
 c - a +2 spear of venom
 m - a +0 hunting sling of freezing
 u - the +8 rapier "Ithrubos" {pierce, rElec rPois}
   (You found it in a Gauntlet)

   It inflicts extra damage upon your enemies.
   It insulates you from electricity.
   It protects you from poison.
 K - a +3 hand axe of freezing
 N - a +5 vampiric spear (weapon)
Missiles
 a - 445 arrows
 k - 181 sling bullets
 G - 14 silver javelins (quivered)
Armour
 b - a +1 pair of gloves (worn)
 p - a +0 helmet (worn)
 z - the +1 cloak of Indomitability (worn) {rF+ rCorr Str-2}
   (You found it in a Gauntlet)

   It affects your strength (-2).
   It protects you from fire.
   It provides partial protection from all sources of acid and corrosion.
 B - the +10 large shield of Ignorance (worn) {rN+ Int-4}
   (You found it on level 5 of the Dungeon)

   It affects your intelligence (-4).
   It protects you from negative energy.
 E - a +0 leather armour of cold resistance (worn)
Magical Staves
 I - an uncursed staff of cold
Jewellery
 f - an uncursed ring of fire
 j - a cursed ring of wizardry (right hand)
 y - an uncursed ring of see invisible
 H - an uncursed ring of protection from cold
 M - the ring "Tarphey" (left hand) {Fire rElec Dex+5}
   (You bought it in a shop on level 2 of the Orcish Mines)

   [ring of fire]

   It enhances your fire magic.
   It affects your dexterity (+5).
   It protects you from fire.
   It makes you vulnerable to cold.
   It insulates you from electricity.
 R - the amulet of Jealousy (around neck) {Reflect rN++ MR+ Dex-3 SH+6}
   (You acquired it on level 6 of the Lair of Beasts)

   [amulet of reflection]

   It shields you and reflects attacks.
   It affects your dexterity (-3).
   It greatly protects you from negative energy.
   It affects your resistance to hostile enchantments.
   It affects your SH (+6).
 S - an uncursed ring of protection from magic
 Z - an uncursed ring of magical power
Wands
 e - a wand of acid (25)
 h - a wand of flame (29)
 w - a wand of random effects (16)
 D - a wand of polymorph (19)
 J - a wand of clouds (6)
 O - a wand of iceblast (6)
 T - a wand of paralysis (21)
 U - a wand of enslavement (8)
Scrolls
 s - a scroll of magic mapping
 A - 2 scrolls of teleportation
 F - 3 scrolls of fog
 L - a scroll of vulnerability
 Q - 6 scrolls of remove curse
 W - a scroll of enchant weapon
 X - a scroll of immolation
 Y - 3 scrolls of identify
Potions
 g - 2 potions of agility
 i - 3 potions of mutation
 n - 5 potions of ambrosia
 o - 3 potions of flight
 q - 2 potions of curing
 t - 3 potions of invisibility
 v - 3 potions of brilliance
 x - 2 potions of cancellation
 C - 2 potions of lignification
 P - a potion of haste
Comestibles
 d - 29 rations


   Skills:
 + Level 10.2 Fighting
 + Level 9.9 Short Blades
 + Level 9.9 Long Blades
 + Level 9.9 Axes
 + Level 9.9 Maces & Flails
 + Level 9.9 Polearms
 + Level 9.9 Staves
 + Level 9.9 Slings
 + Level 9.9 Bows
 + Level 9.9 Crossbows
 + Level 9.9 Throwing
 + Level 9.9 Armour
 + Level 10.9 Dodging
 + Level 9.9 Stealth
 + Level 9.9 Shields
 + Level 11.7 Unarmed Combat
 + Level 11.0 Spellcasting
 + Level 8.3 Conjurations
 + Level 8.3 Hexes
 + Level 8.3 Charms
 + Level 8.3 Summonings
 + Level 8.3 Necromancy
 + Level 8.3 Translocations
 + Level 9.2 Transmutations
 + Level 8.3 Fire Magic
 + Level 8.3 Ice Magic
 + Level 8.3 Air Magic
 + Level 8.3 Earth Magic
 + Level 8.3 Poison Magic
 + Level 10.7 Invocations
 + Level 9.9 Evocations


You had 21 spell levels left.
You knew the following spells:

 Your Spells              Type           Power        Failure   Level  Hunger
a - Beastly Appendage     Tmut           ####..       1%          1    None
b - Sticks to Snakes      Tmut           ####....     1%          2    None
c - Spider Form           Tmut/Pois      ####......   2%          3    None
d - Ice Form              Ice/Tmut       ####....     9%          4    ###....
e - Blade Hands           Tmut           ####......   21%         5    #####..

Your spell library contained the following spells:

 Spells                   Type           Power        Failure   Level  Hunger
 Corona                   Hex            ####...      1%          1    None
 Ensorcelled Hibernation  Hex/Ice        ####..       1%          2    None
 Confuse                  Hex            ####....     3%          3    None
 Dazzling Spray           Conj/Hex       ####..       3%          3    None
 Tukima's Dance           Hex            ####....     3%          3    None


Dungeon Overview and Level Annotations

Branches:
Dungeon (11/15)            Temple (0/1) D:7            Lair (6/6) D:10
  Swamp (2/4) Lair:3       Spider (0/4) Lair:2        Slime (0/5) Lair:5
    Orc (2/2) D:9             Elf (0/3) Orc:2

Altars:
Cheibriados
Hepliaklqana
Kikubaaqudgha
Qazlal
Ru
Uskayaw
Vehumet
Wu Jian
Xom
Yredelemnul
Jiyva

Shops:
Orc:2 }=!

Annotations:
D:5 2 transporters
Lair:1 exclusion: 3 oklob plants


Innate Abilities, Weirdness & Mutations

Your experience applies equally to all skills.
You have very sharp teeth.
Your uncanny sense of smell can sniff out nearby items.
Your life essence is reduced to manifest your ancestor. (-10% HP)
You tend to lose your temper in combat.
You are frail. (-10% HP)


Message History

Aim: a shambling mangrove (moderately damaged)
You reach to attack!
You hit the shambling mangrove but do no damage.
The shambling mangrove is moderately damaged.
The spriggan rider hits Agathoclea with a +0 spear!
* * * LOW HITPOINT WARNING * * *
The grasping roots constrict you!!
Blink to where?
Press: ? - help, Dir - move target cursor, p - shambling mangrove The roots' grasp on you weakens, but your attempt to escape fails.
As you read the scroll of blinking, it crumbles to dust.
Agathoclea hits the spriggan rider with a +0 dagger of draining!
The hornet dies!
The spriggan falls from its now dead mount.
Agathoclea drains the spriggan.
You feel better.
Agathoclea hits the spriggan with a +0 dagger of draining.
The spriggan dies!
The shambling mangrove barely misses you.
You die...

≈≈≈†<♣≈...♣≈..≈≈≈.≈...≈
≈≈.≈§........≈≈≈.≈...♣
≈≈..≈≈..<.≈≈≈≈?.≈.♣.♣
≈≈.≈≈≈.≈≈≈≈≈≈≈.≈.!.♣∆
≈.♣♣.≈≈≈≈≈≈≈≈≈R≈..♣....
≈≈♣≈...≈≈≈≈≈≈).≈.♣♣ .P♣
≈.≈≈♣..≈≈≈≈≈≈≈§.≈.♣ ♣
≈.≈.....≈≈≈≈≈≈.≈f♣♣
..♣♣..♣≈..†≈≈≈≈≈@.♣...
≈♣♣♣♣♣♣♣♣♣≈...§≈...♣ ♣♣
♣♣♣..♣.≈.♣.♣
♣♣♣♣♣.≈.[.♣ ∆ ♣♣.≈...≈
∆ ≈.≈≈≈.≈ ♣..≈≈♣. ≈≈..♣
.≈.


You could see the friendly Agathoclea the hexer and a shambling mangrove.

Vanquished Creatures
  Rupert (Lair:5)
  A minotaur (Gauntlet)
  3 hydras
  A catoblepas (Lair:4)
  A ghost crab (Lair:3)
  An orc high priest (Orc:2)
  Nergalle (Orc:1)
  A fire crab (Lair:6)
  2 sixfirhies (Gauntlet)
  Pikel (D:7)
  A wolf spider (Lair:2)
  An orc knight (Orc:1)
  3 orc sorcerers
  A cyclops (Orc:1)
  A shining eye (Gauntlet)
  11 elephants
  A black mamba (Lair:6)
  8 spiny frogs
  4 komodo dragons
  A minotaur zombie (Gauntlet)
  2 trolls (Orc:2)
  A tyrant leech (Lair:3)
  5 polar bears
  7 dream sheep (Lair:6)
  19 blink frogs
  10 hippogriffs
  8 hornets
  A bog body (Swamp:1)
  9 spriggans
  10 yaks
  Sigmund (D:2)
  A fire elemental (Lair:5)
  6 hogs
  3 basilisks
  A wyvern (Lair:5)
  9 vampire mosquitoes
  2 hungry ghosts
  8 insubstantial wisps
  4 swamp worms
  A warg (Orc:1)
  7 orc warriors
  3 porcupines
  3 ice beasts
  2 phantoms
  A sky beast (D:8)
  2 black bears (Lair:6)
  9 ogres
  4 boggarts (Lair:6)
  23 wolves
  7 centaurs
  2 crocodiles
  An elf zombie (Ossuary)
  A big kobold (D:11)
  14 bullfrogs
  A hexer (Lair:6)
  A scorpion (D:7)
  A wyvern skeleton (D:8)
  3 killer bees (D:8)
  A howler monkey (D:3)
  3 wights (D:7)
  An electric eel (Lair:5)
  A bullfrog zombie (D:9)
  4 hounds
  2 bullfrog skeletons
  10 orc priests
  Crazy Yiuf (D:7)
  2 centaur skeletons
  A gnoll shaman (Orc:1)
  A human zombie (Ossuary)
  Terence (D:2)
  2 iguanas (D:10)
  11 orc wizards
  4 hell rats (Lair:5)
  4 worker ants
  2 mummies (Ossuary)
  Robin (D:2)
  A worker ant zombie (D:6)
  4 gnolls
  8 adders
  5 river rats (Lair:5)
  3 shadow imps
  A worm (D:2)
  A dart slug (D:2)
  4 leopard geckos
  39 orcs
  A ball python (D:6)
  9 bats
  4 giant cockroaches
  21 goblins
  8 hobgoblins
  8 jackals
  8 quokkas
  10 frilled lizards
  6 hobgoblin zombies (Ossuary)
  9 kobolds
  6 kobold zombies (Ossuary)
  4 orc zombies (Ossuary)
  2 quokka skeletons
  12 rats
464 creatures vanquished.

Vanquished Creatures (collateral kills)
  Kirke (Lair:4)
  A stone giant (Orc:1)
  Harold (D:7)
  A hydra (Lair:6)
  A two-headed ogre (D:8)
  2 orc high priests (Orc:2)
  4 orc knights
  2 orc sorcerers (Orc:2)
  3 elephants
  2 black mambas
  8 spiny frogs
  A rime drake (Lair:5)
  3 komodo dragons
  2 polar bears (Lair:6)
  3 tyrant leeches
  A troll (Orc:2)
  2 blink frogs
  3 hornets
  A hippogriff (Lair:6)
  A bog body (Swamp:1)
  4 spriggans
  A dream sheep (Lair:6)
  A wyvern (D:10)
  A yak (D:7)
  2 hogs (Lair:4)
  A human (D:7)
  A hungry ghost (D:9)
  A golden eye (Gauntlet)
  A warg (Orc:2)
  Menkaure (D:7)
  A vampire mosquito (Swamp:1)
  2 swamp worms
  An insubstantial wisp (Swamp:1)
  A porcupine (Lair:3)
  3 water moccasins
  2 sky beasts
  A black bear (D:10)
  15 orc warriors
  2 swamp drakes (Swamp:2)
  A slave (D:7)
  2 ogres (D:10)
  A phantom (D:10)
  7 wolves
  A boggart (Lair:6)
  A necrophage (D:8)
  3 centaurs
  4 crocodiles
  A gnoll sergeant (D:7)
  6 bullfrogs
  2 scorpions (D:6)
  A wight (D:7)
  An electric eel (Lair:5)
  A centaur zombie (Ossuary)
  A howler monkey (D:7)
  A bullfrog zombie (D:11)
  2 crimson imps
  A human zombie (Ossuary)
  A hound (D:6)
  A jelly (D:5)
  A bullfrog skeleton (D:5)
  9 orc priests
  7 orc wizards
  A centaur skeleton (D:5)
  A big kobold zombie (Ossuary)
  A worker ant zombie (D:5)
  2 adders
  3 gnolls
  A shadow imp (D:9)
  An adder skeleton (D:5)
  27 orcs
  A kobold (D:11)
  A goblin zombie (Ossuary)
  4 hobgoblin zombies (Ossuary)
  A jackal zombie (Ossuary)
  9 kobold zombies (Ossuary)
  An orc zombie (Ossuary)
  A rat (Lair:5)
  2 fungi
  3 plants
201 creatures vanquished.

Vanquished Creatures (others)
  A swamp worm (Lair:3)
  A water moccasin (Lair:6)
  3 slaves (D:7)
  41 hexers
  A worker ant zombie (D:7)
  2 ancestors
  17 fungi
  8 plants
74 creatures vanquished.

Grand Total: 739 creatures vanquished

Notes
Turn   | Place    | Note
-------+----------+-------------------------------------------
     0 | D:1      | troglodite the Gnoll Transmuter began the quest for the
                  | Orb.
     0 | D:1      | Reached XP level 1. HP: 17/17 MP: 6/6
   103 | D:1      | Reached XP level 2. HP: 11/23 MP: 7/7
   751 | D:1      | Reached XP level 3. HP: 28/28 MP: 9/9
   785 | D:1      | Learned a level 2 spell: Sticks to Snakes
   789 | D:1      | Learned a level 3 spell: Spider Form
   790 | D:2      | Found a hide-covered altar of Uskayaw.
   790 | D:2      | Noticed a +0 dagger
   790 | D:2      | Noticed a +0 hand axe
   796 | D:2      | Reached skill level 5 in Spellcasting
   822 | D:2      | Noticed Sigmund
  1179 | D:2      | Noticed Terence
  1186 | D:2      | Killed Terence
  1186 | D:2      | Reached skill level 1 in Short Blades
  1186 | D:2      | Reached skill level 1 in Long Blades
  1186 | D:2      | Reached skill level 1 in Axes
  1186 | D:2      | Reached skill level 1 in Maces & Flails
  1186 | D:2      | Reached skill level 1 in Polearms
  1186 | D:2      | Reached skill level 1 in Staves
  1186 | D:2      | Reached skill level 1 in Slings
  1186 | D:2      | Reached skill level 1 in Bows
  1186 | D:2      | Reached skill level 1 in Crossbows
  1186 | D:2      | Reached skill level 1 in Throwing
  1186 | D:2      | Reached skill level 1 in Armour
  1186 | D:2      | Reached skill level 1 in Stealth
  1186 | D:2      | Reached skill level 1 in Shields
  1186 | D:2      | Reached skill level 1 in Invocations
  1186 | D:2      | Reached skill level 1 in Evocations
  1186 | D:2      | Reached XP level 4. HP: 28/34 MP: 11/11
  1264 | D:2      | Killed Sigmund
  1264 | D:2      | Reached skill level 1 in Conjurations
  1264 | D:2      | Reached skill level 1 in Hexes
  1264 | D:2      | Reached skill level 1 in Charms
  1264 | D:2      | Reached skill level 1 in Summonings
  1264 | D:2      | Reached skill level 1 in Necromancy
  1264 | D:2      | Reached skill level 1 in Translocations
  1264 | D:2      | Reached skill level 1 in Fire Magic
  1264 | D:2      | Reached skill level 1 in Ice Magic
  1264 | D:2      | Reached skill level 1 in Air Magic
  1264 | D:2      | Reached skill level 1 in Earth Magic
  1264 | D:2      | Reached skill level 1 in Poison Magic
  1264 | D:2      | Reached XP level 5. HP: 12/41 MP: 10/12
  1416 | D:2      | Found a basalt altar of Yredelemnul.
  1449 | D:2      | Reached XP level 6. HP: 38/47 MP: 13/13
  1468 | D:2      | Learned a level 4 spell: Ice Form
  1474 | D:2      | Learned a level 5 spell: Blade Hands
  1487 | D:2      | Noticed Robin
  1536 | D:2      | Killed Robin
  1626 | D:2      | Found an ancient bone altar of Kikubaaqudgha.
  1994 | D:3      | Reached skill level 5 in Dodging
  2748 | D:4      | Reached XP level 7. HP: 52/52 MP: 15/15
  2864 | D:4      | Found a hazy altar of Hepliaklqana.
  3254 | D:4      | Became a worshipper of Hepliaklqana the Forgotten
  3316 | D:5      | Entered Level 5 of the Dungeon
  3324 | D:5      | Found a transporter.
  3588 | D:5      | Found the +10 large shield of Ignorance {rN+ Int-4}
  3899 | D:5      | Found a transporter.
  3970 | D:6      | Reached * piety under Hepliaklqana
  4005 | D:6      | Reached XP level 8. HP: 54/54 MP: 16/16
  4071 | D:6      | Found a sand-covered staircase.
  4143 | Ossuary  | Entered an ossuary
  4348 | Ossuary  | HP: 2/54 [human zombie (6)]
  4804 | D:6      | Found an ornate altar of the Wu Jian Council.
  5135 | D:6      | Reached XP level 9. HP: 59/59 MP: 18/18
  5228 | D:6      | Reached ** piety under Hepliaklqana
  5302 | D:6      | Remembered your ancestor Agathoclea as a hexer
  5385 | D:7      | Found a radiant altar of Vehumet.
  5458 | D:7      | Noticed Menkaure
  5689 | D:7      | Noticed Pikel
  5706 | D:7      | Killed Pikel
  5706 | D:7      | Reached skill level 5 in Transmutations
  5747 | D:7      | Noticed a hornet
  6113 | D:7      | Killed Menkaure
  6428 | D:7      | Reached skill level 5 in Fighting
  6500 | D:7      | Reached skill level 5 in Invocations
  6658 | D:7      | Noticed Harold
  6677 | D:7      | Killed Harold
  6677 | D:7      | Reached XP level 10. HP: 37/67 MP: 20/20
  6882 | D:7      | Reached skill level 5 in Short Blades
  6882 | D:7      | Reached skill level 5 in Long Blades
  6882 | D:7      | Reached skill level 5 in Axes
  6882 | D:7      | Reached skill level 5 in Maces & Flails
  6882 | D:7      | Reached skill level 5 in Polearms
  6882 | D:7      | Reached skill level 5 in Staves
  6882 | D:7      | Reached skill level 5 in Slings
  6882 | D:7      | Reached skill level 5 in Bows
  6882 | D:7      | Reached skill level 5 in Crossbows
  6882 | D:7      | Reached skill level 5 in Throwing
  6882 | D:7      | Reached skill level 5 in Armour
  6882 | D:7      | Reached skill level 5 in Stealth
  6882 | D:7      | Reached skill level 5 in Shields
  6882 | D:7      | Reached skill level 5 in Evocations
  7439 | D:7      | Found a runed translucent door.
  7440 | D:7      | Noticed Crazy Yiuf
  7453 | D:7      | Killed Crazy Yiuf
  7657 | D:7      | Found a staircase to the Ecumenical Temple.
  8241 | D:8      | Reached *** piety under Hepliaklqana
  8318 | D:8      | Found a shimmering altar of Xom.
  8374 | D:8      | Noticed a two-headed ogre
  8454 | D:8      | Killed a two-headed ogre
  8700 | D:8      | Found a stormy altar of Qazlal.
  8849 | D:8      | Reached XP level 11. HP: 72/72 MP: 22/22
  9174 | D:8      | Found a snail-covered altar of Cheibriados.
  9664 | D:9      | Found a staircase to the Orcish Mines.
  9850 | D:9      | Found a sacrificial altar of Ru.
  9992 | D:9      | Reached **** piety under Hepliaklqana
 10177 | D:10     | Entered Level 10 of the Dungeon
 10221 | D:10     | Reached skill level 5 in Conjurations
 10221 | D:10     | Reached skill level 5 in Hexes
 10221 | D:10     | Reached skill level 5 in Charms
 10221 | D:10     | Reached skill level 5 in Summonings
 10221 | D:10     | Reached skill level 5 in Necromancy
 10221 | D:10     | Reached skill level 5 in Translocations
 10221 | D:10     | Reached skill level 5 in Fire Magic
 10221 | D:10     | Reached skill level 5 in Ice Magic
 10221 | D:10     | Reached skill level 5 in Air Magic
 10221 | D:10     | Reached skill level 5 in Earth Magic
 10221 | D:10     | Reached skill level 5 in Poison Magic
 10536 | D:10     | Found a staircase to the Lair.
 11093 | D:10     | Paralysed by a hornet for 2 turns
 11102 | D:10     | Paralysed by a hornet for 1 turns
 11605 | D:11     | Found a hazy altar of Hepliaklqana.
 11792 | Orc:1    | Entered Level 1 of the Orcish Mines
 12084 | Orc:1    | Noticed a stone giant
 12102 | Orc:1    | Noticed an orc sorcerer
 12115 | Orc:1    | Killed a stone giant
 12261 | Orc:1    | Killed an orc sorcerer
 12377 | Orc:1    | Reached ***** piety under Hepliaklqana
 12388 | Orc:1    | Noticed Nergalle
 12430 | Orc:1    | Killed Nergalle
 12430 | Orc:1    | Reached XP level 12. HP: 81/81 MP: 15/24
 12612 | Orc:2    | Entered Level 2 of the Orcish Mines
 13359 | Orc:2    | Found a staircase to the Elven Halls.
 13560 | Orc:2    | Noticed an orc high priest
 14868 | Orc:2    | Noticed an orc high priest
 15019 | Orc:2    | Killed an orc high priest
 15332 | Orc:2    | Killed an orc high priest
 15911 | Orc:2    | Noticed an orc high priest
 15915 | Orc:2    | Noticed a sun demon
 15921 | Orc:2    | Noticed a soul eater
 16064 | Orc:2    | Noticed a sun demon
 16322 | Orc:2    | Reached skill level 10 in Unarmed Combat
 16453 | Orc:2    | Noticed a sun demon
 16461 | Orc:2    | Gained mutation: You are frail. (-10% HP) [a neqoxec]
 16469 | Orc:2    | Gained mutation: You tend to lose your temper in combat. [a
                  | neqoxec]
 16470 | Orc:2    | Killed an orc high priest
 16577 | Orc:2    | Found Sieshref's Gadget Shoppe.
 16583 | Orc:2    | Paralysed by an orc sorcerer for 3 turns
 16744 | Orc:2    | Found Ynaij Dewad's Jewellery Shop.
 16752 | Orc:2    | Found Rayrhan's Magic Scroll Shop.
 16754 | Orc:2    | Found Bovuys's Distillery.
 16794 | Orc:2    | Bought a potion of experience for 650 gold pieces
 16805 | Orc:2    | Reached XP level 13. HP: 79/79 MP: 26/26
 16806 | Orc:2    | Bought a cursed ring of wizardry for 351 gold pieces
 16806 | Orc:2    | Bought the ring "Tarphey" {Fire rElec Dex+5} for 643 gold
                  | pieces
 16944 | Lair:1   | Entered Level 1 of the Lair of Beasts
 17459 | Lair:1   | Reached XP level 14. HP: 56/84 MP: 17/27
 18723 | Lair:2   | Found a hole to the Spider Nest.
 19400 | Lair:3   | You fall through a shaft for 3 floors!
 19400 | Lair:6   | Entered Level 6 of the Lair of Beasts
 19729 | Lair:6   | Identified a scroll of acquirement
 19733 | Lair:6   | Got a slimy crystal amulet
 19735 | Lair:6   | Identified the amulet of Jealousy {Reflect rN++ MR+ Dex-3
                  | SH+6} (You acquired it on level 6 of the Lair of Beasts)
 20102 | Lair:5   | Reached skill level 10 in Spellcasting
 20526 | Lair:4   | Found a gate leading to a gauntlet.
 20537 | Gauntlet | Entered a Gauntlet
 20537 | Gauntlet | Found a transporter.
 20537 | Gauntlet | Found a transporter.
 20992 | Gauntlet | Found a transporter.
 20996 | Gauntlet | Found a transporter.
 21004 | Gauntlet | Found a transporter.
 21008 | Gauntlet | Found a transporter.
 21055 | Gauntlet | Found a transporter.
 21071 | Gauntlet | Found a transporter.
 21089 | Gauntlet | Found a transporter.
 21090 | Gauntlet | Found a transporter.
 21098 | Gauntlet | Found a transporter.
 21102 | Gauntlet | Found a transporter.
 21272 | Gauntlet | Reached skill level 10 in Dodging
 21279 | Gauntlet | Got a jewelled cloak
 21296 | Gauntlet | Identified the +1 cloak of Indomitability {rF+ rCorr Str-2}
                  | (You found it in a Gauntlet)
 22054 | Gauntlet | Got a crystal rapier
 22059 | Gauntlet | Identified the +8 rapier "Ithrubos" {pierce, rElec rPois}
                  | (You found it in a Gauntlet)
 22350 | Lair:4   | Noticed Kirke
 23262 | Lair:4   | Killed Kirke
 23777 | Lair:3   | Found a staircase to the Swamp.
 24314 | Lair:4   | Reached skill level 10 in Invocations
 24669 | Lair:5   | Found a basalt altar of Yredelemnul.
 24820 | Lair:5   | Reached XP level 15. HP: 78/91 MP: 29/29
 24833 | Lair:5   | Found a staircase to the Slime Pits.
 24833 | Lair:5   | Found a viscous altar of Jiyva.
 24993 | Lair:5   | Reached ****** piety under Hepliaklqana
 25132 | Lair:5   | Noticed Rupert
 25370 | Lair:5   | Paralysed by Rupert for 2 turns
 25394 | Lair:5   | Killed Rupert
 26758 | Lair:6   | Reached skill level 10 in Fighting
 26965 | Lair:6   | Paralysed by a hornet for 3 turns
 26978 | Lair:6   | Paralysed by a hornet for 2 turns
 27855 | Swamp:1  | Entered Level 1 of the Swamp
 30203 | Swamp:2  | HP: 2/92 [shambling mangrove (19)]
 30205 | Swamp:2  | Slain by a shambling mangrove

Skill      XL: |  1  2  3  4  5  6  7  8  9 10 11 12 13 14 15 |
---------------+----------------------------------------------+-----
Spellcasting   | 5 6 7 8 9 10 11 | 11.0
Short Blades   | 1 2 3 4 5 6 8 9 |  9.9
Long Blades    | 1 2 3 4 5 6 8 9 |  9.9
Axes           | 1 2 3 4 5 6 8 9 |  9.9
Maces & Flails | 1 2 3 4 5 6 8 9 |  9.9
Polearms       | 1 2 3 4 5 6 8 9 |  9.9
Staves         | 1 2 3 4 5 6 8 9 |  9.9
Slings         | 1 2 3 4 5 6 8 9 |  9.9
Bows           | 1 2 3 4 5 6 8 9 |  9.9
Crossbows      | 1 2 3 4 5 6 8 9 |  9.9
Throwing       | 1 2 3 4 5 6 8 9 |  9.9
Armour         | 1 2 3 4 5 6 8 9 |  9.9
Stealth        | 1 2 3 4 5 6 8 9 |  9.9
Shields        | 1 2 3 4 5 6 8 9 |  9.9
Invocations    | 1 2 3 4 5 6 7 8 10 | 10.7
Evocations     | 1 2 3 4 5 6 8 9 |  9.9
Fighting       | 3 4 5 6 7 8 9 10 | 10.2
Conjurations   | 1 2 3 4 5 6 7 8 |  8.3
Hexes          | 1 2 3 4 5 6 7 8 |  8.3
Charms         | 1 2 3 4 5 6 7 8 |  8.3
Summonings     | 1 2 3 4 5 6 7 8 |  8.3
Necromancy     | 1 2 3 4 5 6 7 8 |  8.3
Translocations | 1 2 3 4 5 6 7 8 |  8.3
Transmutations | 4 5 6 7 8 9 |  9.2
Fire Magic     | 1 2 3 4 5 6 7 8 |  8.3
Ice Magic      | 1 2 3 4 5 6 7 8 |  8.3
Air Magic      | 1 2 3 4 5 6 7 8 |  8.3
Earth Magic    | 1 2 3 4 5 6 7 8 |  8.3
Poison Magic   | 1 2 3 4 5 6 7 8 |  8.3
Dodging        | 5 6 7 8 9 10 | 10.9
Unarmed Combat | 7 8 9 10 11 | 11.7

Action                   |  1- 3 |  4- 6 |  7- 9 | 10-12 | 13-15 || total
-------------------------+-------+-------+-------+-------+-------++-------
Melee: Spear             |    64 |   148 |   359 |  1709 |  2062 ||  4342
       Bite              |     4 |     9 |    30 |   211 |   336 ||   590
       Punch             |     2 |     1 |     2 |       |       ||     5
       Headbutt          |       |     1 |       |       |       ||     1
       Unarmed           |       |       |     2 |       |       ||     2
       Hand axe          |       |       |       |    35 |       ||    35
       Rapier            |       |       |       |       |    58 ||    58
 Cast: Sticks to Snakes  |       |     1 |       |       |     3 ||     4
       Beastly Appendage |       |     1 |       |       |       ||     1
Invok: Ancestor Life: He |       |       |     1 |       |       ||     1
       Recall Ancestor   |       |       |       |     7 |     8 ||    15
       Transference      |       |       |       |       |     1 ||     1
Evoke: Wand              |       |       |       |       |     4 ||     4
  Use: Scroll            |       |       |     7 |    17 |    23 ||    47
       Potion            |       |       |       |     3 |    10 ||    13
 Stab: Sleeping          |     3 |     2 |     5 |    15 |    19 ||    44
       Distracted        |       |     1 |     5 |    19 |    28 ||    53
       Confused          |       |       |     1 |    39 |    15 ||    55
       Paralysed         |       |       |       |       |    23 ||    23
  Eat: Chunk             |     1 |     5 |     6 |    24 |    22 ||    58
       Ration            |       |       |     2 |     7 |    10 ||    19
Armor: Robe              |     7 |     1 |       |       |       ||     8
       Ring mail         |       |    37 |    29 |       |       ||    66
       Leather armour    |       |       |     4 |   102 |   196 ||   302
       Skin              |       |       |     5 |       |       ||     5
Dodge: Dodged            |    23 |    82 |   103 |   343 |   536 ||  1087
Block: Large shield      |       |       |   322 |  1615 |  2651 ||  4588
       Reflection        |       |       |       |       |    13 ||    13
